 Dungeon Crawl Stone Soup version 0.30-a0-989-g0d87f670db (webtiles) character file.

Game seed: 152524671399377734

19929 bughunter42 the Executioner (level 12, 0/100 HPs)
             Began as a Minotaur Berserker on Apr 3, 2023.
             Was a High Priest of Trog.
             Slain by a skeletal warrior
             ... wielding a +0 dire flail
              (2 damage)
             ... on level 13 of the Dungeon on Apr 4, 2023.
             The game lasted 01:27:24 (12899 turns).

bughunter42 the Executioner (Minotaur Berserker)   Turns: 12899, Time: 01:27:24

Health: 0/100      AC: 14    Str: 26    XL:     12   Next: 40%
Magic:  11/11      EV:  8    Int:  4    God:    Trog [*****.]
Gold:   1008       SH:  0    Dex: 11    Spells: 11/11 levels left

rFire   . . .      SeeInvis .    o - +4 battleaxe (venom)
rCold   . . .      Faith    .    (shield currently unavailable)
rNeg    . . .      Spirit   .    y - +0 plate armour
rPois   .          Reflect  .    (helmet restricted)
rElec   .          Rampage  .    b - +0 cloak {rCorr}
rCorr   +                        p - +0 pair of gloves
Will    +++..                    (no boots) Stlth
                                 (no amulet)
HPRegen 1.36/turn                D - ring of willpower
MPRegen 0.12/turn                (no ring)

@: strong-willed (expiring), on berserk cooldown, regenerating (expiring),
slowed, very slow
A: horns 2, retaliatory headbutt
a: Renounce Religion, Berserk, Trog's Hand, Brothers in Arms


You were on level 13 of the Dungeon.
You worshipped Trog.
Trog was extremely pleased with you.
You visited 1 branch of the dungeon, and saw 13 of its levels.

You collected 1008 gold pieces.

Inventory:

Hand Weapons
 a - a +0 hand axe of flaming
 l - a +4 club
 o - a +4 battleaxe of venom (weapon)
 v - a +0 broad axe of chaos
 I - a +0 heavy hand axe
 L - a +1 sling of flaming
Missiles
 e - 121 stones (quivered)
 N - 2 throwing nets
Armour
 b - a +0 cloak of preservation (worn)
 d - a +1 scale mail
 f - a +0 ring mail of willpower
 p - a +0 pair of gloves (worn)
 y - a +0 plate armour (worn)
 A - a scarf of shadows
Jewellery
 D - a ring of willpower (left hand)
 O - a ring of ice
Wands
 x - a wand of flame (16)
 E - a wand of paralysis (5)
 G - a wand of digging (6)
 J - a wand of mindburst (3)
 M - a wand of roots (3)
Scrolls
 n - 9 scrolls of teleportation
 u - 4 scrolls of blinking
 w - 6 scrolls of enchant armour
 F - a scroll of enchant weapon
 K - 2 scrolls of fear
 P - a scroll of magic mapping
 Q - a scroll of poison {unknown}
Potions
 c - 7 potions of curing
 g - 2 potions of invisibility
 h - 5 potions of mutation
 i - 2 potions of ambrosia
 j - 5 potions of flight
 k - 2 potions of haste {unknown}
 m - a potion of attraction {unknown}
 q - 6 potions of degeneration
 r - 5 potions of heal wounds
 s - 3 potions of resistance {unknown}
 t - a potion of cancellation {unknown}
 z - a potion of brilliance {unknown}
 B - 2 potions of might {unknown}
 H - 2 potions of lignification {unknown}
Miscellaneous
 C - a box of beasts


   Skills:
 + Level 7.1 Fighting
 + Level 22.4 Axes
 + Level 5.2 Armour
 + Level 3.1 Dodging
 + Level 1.1 Stealth


You had 11 spell levels left.
You didn't know any spells.
Your spell library was empty.

Dungeon Overview and Level Annotations

Branches:
Dungeon (13/15)            Temple (0/1) D:5            Lair (0/5) D:11
    Orc (0/2) D:9
 Vaults: D:13-14

Altars:
Elyvilon
Sif Muna
Trog
Yredelemnul
Zin

Shops:
D:10 [   D:11 (


Innate Abilities, Weirdness & Mutations

You have a pair of horns on your head.
You reflexively headbutt those who attack you in melee.


Message History

Trog accepts your kill.
Your Armour skill increases to level 5!
Unknown command.
You feel a strong urge to attack something.
You slice the cyclops!!
The cyclops is poisoned.
You headbutt the cyclops.
The cyclops is heavily wounded.
You hit the cyclops.
The cyclops looks as sick as possible!
The cyclops is heavily wounded.
You slash the cyclops!
The cyclops looks as sick as possible!
The cyclops is severely wounded.
A skeletal warrior comes into view. It is wielding a +0 dire flail.
The cyclops hits you!!
* * * LOW HITPOINT WARNING * * *
You carve the cyclops like a ham!!!
You kill the cyclops!
Trog accepts your kill.
Your Fighting skill increases to level 7!
Unknown command.
You feel a strong urge to attack something.
You are no longer berserk.
You are exhausted.
You feel yourself slow down.
A skeletal warrior is nearby!
You slice the skeletal warrior!! You headbutt the skeletal warrior.
The skeletal warrior is moderately damaged.
The skeletal warrior barely misses you.
You slice the skeletal warrior!!
The skeletal warrior is severely damaged.
The skeletal warrior hits you with a +0 dire flail!
* * * LOW HITPOINT WARNING * * *
You slice the skeletal warrior!!
Your headbutt misses the skeletal warrior.
The skeletal warrior is almost destroyed.
You feel the effects of Trog's Hand fading.
The skeletal warrior hits you with a +0 dire flail!!
* * * LOW HITPOINT WARNING * * *
You barely miss the skeletal warrior.
The skeletal warrior is almost destroyed.
The skeletal warrior hits you with a +0 dire flail.
You die...

#. ##z#Cz# #. #.....#
#. ..#.$.# #.
####.###..# #.#
##...##.##.#
##.###...^..#(z##
.#.........###.#
#..#.##...z..#.##
##.###.##.@.##.##
#######.## ##........#
.........###.###.#####
######....#>## #.#
#...#.## #.# ##...#.#
#.# #####......# #.#
.....#####.#####.#
###.## ##......#


You could see a skeletal warrior.

Vanquished Creatures
  Harold (D:11)
  A hydra (D:12)
  A two-headed ogre (D:11)
  2 skeletal warriors (D:13)
  2 cyclopes
  3 manticores (D:11)
  A gargoyle (D:11)
  2 komodo dragons (D:12)
  Maggie (D:8)
  A rime drake (shapeshifter) (D:11)
  A kobold demonologist (D:11)
  A hornet (D:8)
  6 trolls
  2 dream sheep (D:12)
  10 slime creatures
  Sigmund (D:6)
  A wraith (D:10)
  A shadow (D:10)
  Grum (D:8)
  27 yaks
  2 steam dragons
  4 vampire mosquitoes (D:11)
  3 acid dragons
  3 water moccasins
  A sky beast (D:7)
  A black bear (D:5)
  An ice beast (D:5)
  4 orc warriors
  An ogre (D:7)
  3 wolves (D:8)
  7 centaurs
  A phantom (D:5)
  Blork the orc (D:5)
  5 kobold brigands
  4 bullfrogs
  A gnoll sergeant (D:9)
  2 scorpions
  A wight (D:8)
  12 killer bees
  6 howler monkeys
  2 jellies
  A gnoll bouda (D:7)
  2 hounds
  5 orc priests
  3 sleepcaps
  4 iguanas
  11 orc wizards
  Robin (D:2)
  4 gnolls (D:9)
  17 adders
  2 shadow imps
  A white imp (D:8)
  A worm (D:3)
  12 dart slugs
  28 orcs
  11 ball pythons
  5 bats
  10 endoplasms
  2 giant cockroaches
  20 goblins
  7 hobgoblins
  2 jackals (D:1)
  A quokka (D:3)
  A frilled lizard (D:3)
  11 kobolds
  11 rats
304 creatures vanquished.

Vanquished Creatures (others)
  A fire vortex (D:11)
  A plant (D:12)
2 creatures vanquished.

Grand Total: 306 creatures vanquished

Notes
Turn   | Place    | Note
-------+----------+-------------------------------------------
     0 | D:1      | bughunter42 the Minotaur Berserker began the quest for the
                  | Orb.
     0 | D:1      | Reached XP level 1. HP: 19/19 MP: 0/0
   130 | D:1      | Reached XP level 2. HP: 27/27 MP: 1/1
   307 | D:1      | Reached skill level 4 in Axes
   476 | D:1      | Reached ** piety under Trog
   492 | D:1      | Reached XP level 3. HP: 31/33 MP: 2/2
  1104 | D:2      | Noticed Robin
  1116 | D:2      | Killed Robin
  1117 | D:2      | Reached XP level 4. HP: 20/40 MP: 3/3
  1233 | D:2      | Found a faded altar of an unknown god.
  1953 | D:3      | Reached skill level 5 in Axes
  2204 | D:3      | Reached XP level 5. HP: 46/46 MP: 4/4
  2215 | D:3      | Reached *** piety under Trog
  2651 | D:4      | Found a basalt altar of Yredelemnul.
  2651 | D:4      | Found a shimmering blue altar of Sif Muna.
  2672 | D:4      | Reached skill level 6 in Axes
  2864 | D:4      | Reached XP level 6. HP: 52/52 MP: 5/5
  2915 | D:4      | Reached skill level 7 in Axes
  3121 | D:4      | Found a bloodstained altar of Trog.
  3176 | D:4      | Found a glowing silver altar of Zin.
  3177 | D:4      | Found a white marble altar of Elyvilon.
  3426 | D:5      | Entered Level 5 of the Dungeon
  3556 | D:5      | Reached skill level 8 in Axes
  3558 | D:5      | Identified the +0 ring mail of the Endless Expanse {rF+++
                  | rN+ Will- Str+4}
  3560 | D:5      | Reached **** piety under Trog
  3687 | D:5      | Reached XP level 7. HP: 59/59 MP: 6/6
  3704 | D:5      | Reached skill level 9 in Axes
  3770 | D:5      | Noticed Blork the orc
  3782 | D:5      | Killed Blork the orc
  3967 | D:5      | Reached skill level 10 in Axes
  4358 | D:5      | Found a staircase to the Ecumenical Temple.
  4373 | D:5      | Reached skill level 11 in Axes
  4373 | D:5      | Reached XP level 8. HP: 62/66 MP: 7/7
  4753 | D:6      | Reached skill level 12 in Axes
  4984 | D:6      | Noticed Sigmund
  5031 | D:6      | Killed Sigmund
  5032 | D:6      | Reached skill level 13 in Axes
  5540 | D:7      | Reached XP level 9. HP: 46/71 MP: 8/8
  5759 | D:7      | Reached skill level 14 in Axes
  6074 | D:7      | Reached skill level 15 in Axes
  6545 | D:8      | Noticed Grum
  6554 | D:8      | Reached skill level 16 in Axes
  6561 | D:8      | Killed Grum
  6741 | D:8      | Reached XP level 10. HP: 79/79 MP: 9/9
  6883 | D:8      | Reached skill level 17 in Axes
  7052 | D:8      | Noticed Maggie
  7063 | D:8      | Killed Maggie
  7825 | D:9      | Reached skill level 18 in Axes
  8161 | D:9      | Found a staircase to the Orcish Mines.
  8212 | D:9      | Reached ***** piety under Trog
  8319 | D:10     | Entered Level 10 of the Dungeon
  8342 | D:10     | Reached skill level 19 in Axes
  8584 | D:10     | Found Uwkim's Armour Shoppe.
  8901 | D:10     | Reached XP level 11. HP: 47/84 MP: 10/10
  9850 | D:11     | Reached skill level 20 in Axes
 10391 | D:11     | Found a staircase to the Lair.
 10396 | D:11     | Found Tobapun's Antique Weapon Shop.
 10401 | D:11     | Noticed Harold
 10414 | D:11     | Noticed a two-headed ogre
 10776 | D:11     | Reached skill level 21 in Axes
 11266 | D:11     | Killed a two-headed ogre
 11345 | D:11     | Killed Harold
 11602 | D:12     | Reached skill level 22 in Axes
 11813 | D:12     | Reached XP level 12. HP: 89/92 MP: 11/11
 11937 | D:12     | Reached skill level 5 in Fighting
 12525 | D:12     | Noticed a two-headed hydra
 12530 | D:12     | Killed a five-headed hydra
 12883 | D:13     | Reached skill level 1 in Stealth
 12886 | D:13     | Reached skill level 5 in Armour
 12898 | D:13     | HP: 1/100 [skeletal warrior/+0 dire flail (25)]
 12899 | D:13     | Slain by a skeletal warrior

Illustrated notes

Levels and vault maps discovered:
D:1:      scummos_arrival_forest, layout_basic
D:2:      layout_basic, shapermc_ecumenical_altar_totnotflames, uniq_robin
D:3:      layout_rooms, minmay_snake_closets
D:4:      kennysheep_slugbush, layout_basic, grunt_temple_overflow_open,
          nicolae_half_adder
D:5:      layout_basic, minmay_temple_entry_nine_rooms,
          corexii_leaking_fountain, kennysheep_small_spiral, uniq_blork_the_orc
D:6:      layout_basic, uniq_sigmund
D:7:      layout_cave_pools, dreamdust_gnoll_shepherd
D:8:      hangedman_cross_stitches, layout_gridville, grunt_decor_arrowhead,
          uniq_maggie, uniq_grum
D:9:      layout_irregular_city, david_orc_4
D:10:     layout_layer_cave, serial_shops,
          nicolae_shop_temple_entry_statues_fountains
D:11:     layout_loops_ring, lair_entry_dummy, serial_shops, shop,
          kennysheep_generic_room_16, uniq_harold
D:12:     layout_long_grid, hangedman_ranch
D:13:     layout_loops_ring, lightli_airlock

Skill      XL: |  1  2  3  4  5  6  7  8  9 10 11 12 |
---------------+-------------------------------------+-----
Axes           | 4 5 6 8 11 13 16 19 22 | 22.4
Fighting       | 4 7 |  7.1
Armour         | 3 5 |  5.2
Dodging        | 3 |  3.1
Stealth        | 1 |  1.1

Action                     |  1- 3 |  4- 6 |  7- 9 | 10-12 || total
---------------------------+-------+-------+-------+-------++-------
  Melee: Hand axe          |    92 |   149 |       |       ||   241
         Headbutt          |     7 |    19 |    24 |    69 ||   119
         Punch             |     2 |     2 |       |       ||     4
         Broad axe         |       |    23 |     9 |       ||    32
         Battleaxe         |       |       |   162 |   328 ||   490
 Invoke: Berserk           |       |     1 |     6 |     7 ||    14
         Trog's Hand       |       |       |     4 |     9 ||    13
    Use: Scroll            |     1 |    12 |     3 |     6 ||    22
         Potion            |       |       |       |     1 ||     1
   Stab: Invisible         |       |       |       |     3 ||     3
 Armour: Animal skin       |     5 |       |       |       ||     5
         Scale mail        |    10 |    70 |    35 |       ||   115
         Leather armour    |     7 |       |       |       ||     7
         Plate armour      |       |       |    61 |   110 ||   171
  Dodge: Dodged            |    44 |    75 |    58 |    85 ||   262

Table legend: (Time is in decaauts)
 A = Elapsed time spent in this place.
 B = Non-inter-level travel time spent in this place.
 C = Inter-level travel time spent in this place.
 D = Time resting spent in this place.
 E = Time spent auto-exploring this place.
 F = Levels seen in this place.
 G = Mean time per level.
                   A        B        C        D        E       F      G
               +--------+--------+--------+--------+--------+-----+--------+
         Total |  12967 |  12640 |    327 |   2496 |   7653 |  13 |  997.5 |
       Dungeon |  12967 |  12640 |    327 |   2496 |   7653 |  13 |  997.5 |
               +--------+--------+--------+--------+--------+-----+--------+

Top non-repeatable levels by time:
    D:11: 1793 daAuts
    D:10: 1569 daAuts
     D:5: 1140 daAuts
     D:8: 1106 daAuts
     D:2: 1071 daAuts
     D:6: 992 daAuts
    D:12: 992 daAuts
     D:9: 894 daAuts
     D:7: 842 daAuts
     D:1: 822 daAuts
     D:4: 815 daAuts
     D:3: 739 daAuts
    D:13: 189 daAuts
